 Dungeon Crawl Stone Soup version 0.24.0-123-gd5b16e6ec5 (webtiles) character file.

Game seed: 3347066980840622880, levelgen mode: deterministic

21739 Ereth the Grappler (level 12, -5/109 HPs)
             Began as a Troll Fighter on Dec 23, 2019.
             Was a High Priest of Okawaru.
             Slain by Rupert
             ... wielding a +4 great mace of crushing
              (42 damage)
             ... on level 13 of the Dungeon.
             The game lasted 00:31:24 (10569 turns).

Ereth the Grappler (Troll Fighter)                 Turns: 10569, Time: 00:31:25

Health: -5/109     AC: 18    Str: 32    XL:     12   Next: 56%
Magic:  13/13      EV: 11    Int: 13    God:    Okawaru [*****.]
Gold:   873        SH: 11    Dex: 10    Spells: 10/11 levels left

rFire    . . .     SeeInvis .     - Unarmed
rCold    . . .     Gourm    +   r - +0 shield {rPois}
rNeg     + . .     Faith    .   N - +1 pearl dragon scales "Ygacasaj" {rN+ Int+6}
rPois    +         Spirit   .   (helmet restricted)
rElec    .         Reflect  .   g - +1 cloak
rCorr    .         Harm     .   (gloves unavailable)
MR       .....                  (boots unavailable)
Stlth    ..........             l - amulet of rage
HPRegen  0.68/turn              G - +3 ring of strength
MPRegen  0.13/turn              i - +2 ring of intelligence

@: about to teleport
A: large, unfitting armour, claws 3, fast metabolism 3, gourmand, regeneration
1, shaggy fur 1, tough skin 3
a: Heroism, Finesse, Renounce Religion, Evoke Berserk Rage


You were on level 13 of the Dungeon.
You worshipped Okawaru.
Okawaru was extremely pleased with you.
You were very full.

You visited 2 branches of the dungeon, and saw 15 of its levels.
You also visited: Sewer.

You collected 1062 gold pieces.
You spent 189 gold pieces at shops.

Inventory:

Hand Weapons
 K - a +2 demon trident of freezing
Missiles
 C - 2 boomerangs (quivered)
 L - 5 large rocks
Armour
 g - a +1 cloak (worn)
 r - a +0 shield of poison resistance (worn)
 N - the +1 pearl dragon scales "Ygacasaj" (worn) {rN+ Int+6}
   (Okawaru gifted it to you on level 13 of the Dungeon)

   It affects your intelligence (+6).
   It protects you from negative energy.
Jewellery
 i - a +2 ring of intelligence (right claw)
 l - an amulet of rage (around neck)
 p - an uncursed ring of ice
 B - an uncursed ring of resist corrosion
 E - an uncursed ring of wizardry
 G - a +3 ring of strength (left claw)
 M - a +3 ring of evasion {unknown}
Wands
 b - a wand of flame (60)
 t - a wand of enslavement (5)
 u - a wand of iceblast (9)
 y - a wand of polymorph (15)
 I - a wand of digging (7)
 J - a wand of clouds (8)
Scrolls
 a - 4 scrolls of fear
 e - 6 scrolls of remove curse
 n - 3 scrolls of identify
 q - 12 scrolls of teleportation
 x - a scroll of blinking
 A - 4 scrolls of amnesia
 H - a scroll of magic mapping {unknown}
Potions
 c - 2 potions of might
 f - 3 potions of agility
 h - 3 potions of degeneration
 j - 3 potions of heal wounds
 k - 3 potions of mutation
 m - 3 potions of berserk rage
 o - 6 potions of curing
 s - a potion of resistance {unknown}
 v - 2 potions of lignification
 w - 3 potions of flight
 z - a potion of brilliance {unknown}
 D - a potion of haste
Comestibles
 d - 26 rations


   Skills:
 + Level 4.6 Fighting
 + Level 2.7 Throwing
 + Level 2.2 Armour
 + Level 7.9 Dodging
 + Level 2.3 Stealth
 + Level 8.0 Shields
 + Level 14.4 Unarmed Combat
 + Level 0.1 Spellcasting
 + Level 2.7 Invocations


You had 10 spell levels left.
You knew the following spells:

 Your Spells              Type           Power        Failure   Level  Hunger
a - Corona                Hex            #......      65%         1    ##.....

Your spell library contained the following spells:

 Spells                   Type           Power        Failure   Level  Hunger
 Ensorcelled Hibernation  Hex/Ice        #.....       78%         2    ###....
 Confuse                  Hex            #.......     95%         3    ####...
 Dazzling Spray           Conj/Hex       #.....       95%         3    ####...
 Tukima's Dance           Hex            #.......     95%         3    ####...


Dungeon Overview and Level Annotations

Branches:
Dungeon (14/15) Temple (1/1) D:7 Lair (0/6) D:11 Orc (0/2) D:9 Vaults (0/5) D:13 D:14 Sewer (visited)

Altars:
Ashenzari
Cheibriados
Dithmenos
Elyvilon
Fedhas
Gozag
Hepliaklqana
Kikubaaqudgha
Makhleb
Nemelex Xobeh
Okawaru
Qazlal
Ru
Sif Muna
Trog
Uskayaw
Vehumet
Wu Jian
Xom
Yredelemnul
Zin
The Shining One

Shops:
D:4 [   D:10 [   D:12 }

Annotations:
D:13 Rupert, Urug


Innate Abilities, Weirdness & Mutations

You are too large for most types of armour.
You have claws for hands.
Your metabolism is lightning-fast.
You like to eat raw meat.
Your natural rate of healing is unusually fast.
You are covered in fur. (AC +1)
You have extremely tough skin. (AC +3)


Message History

You feel better. You block Rupert's attack. You block the human's attack.
The human hits you but does no damage. x2
As you read the scroll of teleportation, it crumbles to dust.
You feel strangely unstable. You block Rupert's attack.
The human hits you but does no damage. You block the human's attack.
The human completely misses you.
You closely miss the human. You block Rupert's attack.
The human barely misses you. The human hits you but does no damage.
You scratch the human but do no damage.
Rupert hits you with a +4 great mace of crushing!
The human hits you but does no damage.
You eviscerate the human!!!
You kill the human!
Okawaru accepts your kill.
Rupert hits you with a +4 great mace of crushing!
The human barely misses you. The human closely misses you.
You claw the human!
The human is heavily wounded.
Rupert hits you with a +4 great mace of crushing!!!
You die...

..######......##.#######.#
#.### #........####.##.# #.#
#.# .........# #..#.# #.# #.#
.........# ##.#.# #.# #.#
.........#####...# #.# #.#
#................# ##.###.#
#...............p######......#
###)#####......@pp.........###
....## #......#@######.#....#
....[# ####.###p#.....<.....#
.(...#######.....#.#######.###
.....#.................# #.#
.....#.############.##.###.#
..........# #..<##>....#
..........# ############
..........# ..........#


You could see Rupert (berserk) and 4 humans.

Vanquished Creatures
  Jorgrun (D:13)
  A hydra (D:13)
  2 centaur warriors (D:13)
  4 two-headed ogres
  Pikel (D:4)
  A deep elf mage (D:12)
  A cyclops (D:13)
  5 ugly things
  A centaur skeleton (D:12)
  A queen bee (D:11)
  3 trolls
  Grinder (D:4)
  A hippogriff (shapeshifter) (D:13)
  2 hippogriffs
  2 wraiths
  13 yaks (D:11)
  A vampire (D:11)
  2 humans (D:13)
  2 hungry ghosts
  A soldier ant (D:12)
  An acid dragon (D:11)
  5 ice beasts
  3 porcupines (D:11)
  A sky beast (D:6)
  2 slaves (D:4)
  6 orc warriors
  A necrophage (D:8)
  3 black bears
  5 ogres
  3 phantoms
  5 centaurs
  An eye of draining (D:11)
  A big kobold (D:13)
  5 crocodiles (D:11)
  Blork the orc (D:5)
  8 bullfrogs
  A wyvern zombie (D:7)
  6 scorpions
  A wyvern skeleton (D:6)
  22 killer bees
  8 wights
  A quasit (D:8)
  4 crimson imps
  A jelly (D:13)
  9 orc priests
  Crazy Yiuf (D:2)
  7 hounds
  2 orc wizards
  3 iguanas
  10 worker ants
  Natasha (thrice) (D:2)
  A mummy (D:5)
  A howler monkey zombie (D:9)
  A worker ant zombie (D:10)
  10 adders
  2 river rats (D:6)
  2 shadow imps (D:7)
  3 oozes
  2 adder zombies (D:7)
  3 worms
  2 dart slugs
  7 leopard geckos
  38 orcs
  4 ball pythons
  8 giant cockroaches
  7 goblins
  6 hobgoblins
  14 jackals
  10 kobolds
  6 quokkas
  9 bats
  10 frilled lizards
  A giant cockroach zombie (D:5)
  13 rats
  A spectral orc (D:3)
337 creatures vanquished.

Vanquished Creatures (others)
  A bush (D:11)
  3 fungi (D:11)
  16 plants (D:11)
20 creatures vanquished.

Grand Total: 357 creatures vanquished

Notes
Turn   | Place    | Note
-------+----------+-------------------------------------------
     0 | D:1      | Ereth the Troll Fighter began the quest for the Orb.
     0 | D:1      | Reached XP level 1. HP: 22/22 MP: 0/0
   218 | D:1      | Reached XP level 2. HP: 29/29 MP: 1/1
   632 | D:2      | Noticed Natasha
   638 | D:2      | Killed Natasha
   638 | D:2      | Reached XP level 3. HP: 33/36 MP: 2/2
   657 | D:2      | Noticed Natasha
   661 | D:2      | Killed Natasha
   661 | D:2      | Reached XP level 4. HP: 36/45 MP: 3/3
   987 | D:2      | Reached skill level 3 in Unarmed Combat
  1297 | D:2      | Found a runed translucent door.
  1298 | D:2      | Noticed Crazy Yiuf
  1305 | D:2      | Killed Crazy Yiuf
  1305 | D:2      | Reached XP level 5. HP: 31/53 MP: 4/4
  1389 | D:2      | Noticed Natasha
  1399 | D:2      | Killed Natasha
  1805 | D:3      | Found a basalt altar of Yredelemnul.
  2015 | D:3      | Found a hide-covered altar of Uskayaw.
  2026 | D:3      | Reached skill level 4 in Unarmed Combat
  2176 | D:4      | Reached XP level 6. HP: 61/61 MP: 5/5
  2219 | D:4      | Noticed Grinder
  2225 | D:4      | Paralysed by Grinder for 2 turns
  2231 | D:4      | Paralysed by Grinder for 6 turns
  2242 | D:4      | Killed Grinder
  2334 | D:4      | Reached skill level 5 in Unarmed Combat
  2406 | D:4      | Reached XP level 7. HP: 67/67 MP: 6/6
  2518 | D:4      | Noticed Pikel
  2555 | D:4      | Killed Pikel
  2555 | D:4      | Reached skill level 6 in Unarmed Combat
  2555 | D:4      | Reached XP level 8. HP: 65/75 MP: 7/7
  2709 | D:4      | Found a shimmering altar of Xom.
  2711 | D:4      | Found a shattered altar of Ashenzari.
  2797 | D:4      | Found Pijoed's Antique Armour Boutique.
  2806 | D:4      | Bought a shiny shield for 127 gold pieces
  2806 | D:4      | Bought a runed robe for 62 gold pieces
  2860 | D:4      | Found a bloodstained altar of Trog.
  2863 | D:4      | Found a sacrificial altar of Ru.
  2930 | D:5      | Entered Level 5 of the Dungeon
  2930 | D:5      | Found a snail-covered altar of Cheibriados.
  3033 | D:5      | Found a shimmering blue altar of Sif Muna.
  3038 | D:5      | Reached skill level 7 in Unarmed Combat
  3453 | D:5      | Noticed Blork the orc
  3466 | D:5      | Killed Blork the orc
  3466 | D:5      | Reached skill level 1 in Stealth
  3596 | D:6      | Reached skill level 8 in Unarmed Combat
  3599 | D:6      | Reached skill level 5 in Dodging
  3726 | D:6      | Found a glowing drain.
  3756 | Sewer    | Entered a sewer
  4228 | D:6      | Reached XP level 9. HP: 72/83 MP: 8/8
  4281 | D:6      | Reached skill level 5 in Shields
  4299 | D:6      | Reached skill level 9 in Unarmed Combat
  4873 | D:7      | Reached skill level 10 in Unarmed Combat
  4946 | D:7      | Found an opulent altar of Gozag.
  5000 | D:7      | Found a burning altar of Makhleb.
  5066 | D:7      | Found a glowing silver altar of Zin.
  5117 | D:7      | Found a staircase to the Ecumenical Temple.
  5245 | Temple   | Entered the Ecumenical Temple
  5326 | Temple   | Became a worshipper of Warmaster Okawaru
  5407 | D:8      | Noticed a two-headed ogre
  5416 | D:8      | Killed a two-headed ogre
  5416 | D:8      | Reached XP level 10. HP: 8/91 MP: 9/9
  6116 | D:8      | Reached * piety under Okawaru
  6253 | D:8      | Noticed a two-headed ogre
  6264 | D:8      | Killed a two-headed ogre
  6264 | D:8      | Reached skill level 1 in Throwing
  6264 | D:8      | Reached skill level 11 in Unarmed Combat
  6894 | D:9      | Found a staircase to the Orcish Mines.
  7277 | D:10     | Entered Level 10 of the Dungeon
  7277 | D:10     | Found Caul's Armour Shoppe.
  7424 | D:10     | Noticed a two-headed ogre
  7429 | D:10     | Killed a two-headed ogre
  7429 | D:10     | Reached ** piety under Okawaru
  7542 | D:10     | Noticed a cyan ugly thing
  7550 | D:10     | Killed a cyan ugly thing
  7550 | D:10     | Reached skill level 12 in Unarmed Combat
  7811 | D:10     | Reached XP level 11. HP: 98/98 MP: 10/10
  8023 | D:11     | Noticed a purple ugly thing
  8029 | D:11     | Killed a purple ugly thing
  8029 | D:11     | Reached skill level 1 in Invocations
  8204 | D:11     | Reached *** piety under Okawaru
  8565 | D:11     | Reached **** piety under Okawaru
  8728 | D:11     | Reached skill level 13 in Unarmed Combat
  8796 | D:11     | Found a staircase to the Lair.
  8829 | D:11     | Received a gift from Okawaru
  9236 | D:12     | Noticed a purple ugly thing
  9243 | D:12     | Killed a purple ugly thing
  9258 | D:12     | Found Vasm's Gadget Shoppe.
  9420 | D:12     | Learned a level 1 spell: Corona
  9508 | D:12     | Noticed a deep elf mage
  9519 | D:12     | Killed a deep elf mage
  9715 | D:13     | Noticed a centaur warrior
  9723 | D:13     | Killed a centaur warrior
  9723 | D:13     | Reached ***** piety under Okawaru
  9723 | D:13     | Reached XP level 12. HP: 86/109 MP: 10/12
  9739 | D:13     | Received a gift from Okawaru
  9902 | D:13     | Noticed a two-headed ogre
  9911 | D:13     | Killed a two-headed ogre
 10038 | D:13     | Reached skill level 1 in Armour
 10045 | D:13     | Identified the cursed +1 ring mail "Lonaeti" {rF+ Str+2
                  | Dex+6}
 10264 | D:13     | Noticed a centaur warrior
 10275 | D:13     | Killed a centaur warrior
 10346 | D:13     | Noticed a four-headed hydra
 10348 | D:13     | Noticed Jorgrun
 10351 | D:13     | Killed a six-headed hydra
 10351 | D:13     | Reached skill level 14 in Unarmed Combat
 10375 | D:13     | Killed Jorgrun
 10375 | D:13     | Received a gift from Okawaru
 10380 | D:13     | Got slimy pearl dragon scales {god gift}
 10391 | D:13     | Identified the +1 pearl dragon scales "Ygacasaj" {rN+
                  | Int+6} (Okawaru gifted it to you on level 13 of the
                  | Dungeon)
 10509 | D:14     | Found a gate to the Vaults.
 10509 | D:14     | Noticed Rupert
 10509 | D:14     | Noticed Urug
 10509 | D:14     | Noticed a centaur warrior
 10557 | D:13     | Paralysed by Rupert for 6 turns
 10569 | D:13     | Slain by Rupert

Levels and vault maps discovered:
D:1:      wander_arrival_fairy_ring, layout_basic
D:2:      layout_loops_ring, uniq_natasha, uniq_crazy_yiuf_cottage
D:3:      layout_loops_ring, yredelemnul_forgotten_temple_becter,
          eat_drink_and_be_merry_uskayaw, first_ration, minmay_stone_trees_small
D:4:      layout_loops_cross, nicolae_overflow_hidden_temple, serial_shops,
          nicolae_shop_stone, kennysheep_generic_room_15, uniq_pikel,
          uniq_grinder
D:5:      layout_loops_ring, slow_altar_1, lemuel_round_altar,
          uniq_blork_the_orc
D:6:      layout_rooms, portal_sewer_entry_b
D:7:      layout_cave_pools, grunt_gozag_breadcrumbs, overflow_temple_1_default,
          temple_pool_b, basic_altar
D:8:      layout_basic
D:9:      layout_irregular_city, david_orc_3
D:10:     layout_roguey, serial_shops, nicolae_shop_window_shopping
D:11:     layout_loops_ring, minmay_lair_entry_grove, david_nohive_1
D:12:     layout_rooms, serial_shops, shop
D:13:     layout_basic, nicolae_twisting_strands, uniq_jorgrun
D:14:     layout_loops_ring, david_vaults_3, serial_shops, shop
Temple:   hc_temple_tempest_star

Skill      XL: |  1  2  3  4  5  6  7  8  9 10 11 12 |
---------------+-------------------------------------+-----
Fighting       | 3 4 |  4.6
Shields        | 3 4 5 6 7 8 |  8.0
Unarmed Combat | 3 4 5 6 8 10 12 13 14 | 14.4
Dodging        | 3 4 5 6 7 |  7.9
Stealth        | 1 2 |  2.3
Throwing       | 2 |  2.7
Invocations    | 2 |  2.7
Armour         | 2 |  2.2
Spellcasting   | |  0.1

Action                   |  1- 3 |  4- 6 |  7- 9 | 10-12 || total
-------------------------+-------+-------+-------+-------++-------
Melee: Unarmed           |    53 |   198 |   294 |   553 ||  1098
Throw: Boomerang         |       |       |     1 |    47 ||    48
 Cast: Corona            |       |       |       |     1 ||     1
Invok: Heroism           |       |       |       |    17 ||    17
Evoke: Wand              |       |       |       |     1 ||     1
  Use: Scroll            |       |     9 |     2 |    14 ||    25
       Potion            |       |       |       |     1 ||     1
 Stab: Sleeping          |       |     1 |       |     3 ||     4
  Eat: Chunk             |     8 |    20 |    27 |    51 ||   106
Armor: Robe              |    20 |    50 |    66 |    58 ||   194
       Troll leather arm |       |       |       |    34 ||    34
       Skin              |       |       |       |     1 ||     1
       Pearl dragon scal |       |       |       |    45 ||    45
Dodge: Dodged            |    21 |    60 |   114 |   192 ||   387
Block: Shield            |    23 |    83 |   115 |   255 ||   476
